cohdb
Replays
Latest Replays
All Replays
Popular Replays
Top Player Replays
Match Explorer
How It Works
Community
CoH3 Stats
Reddit
Sign in to upload your games and track your stats! →
Sign in with Steam
Match 45662117
Unlisted
Match 45662117
Overview
Messages
Build Orders
End
Panzergrenadier Squad
250 Light Carrier
Panzergrenadier Squad
Construct Light Support Kompanie
2.5-tonne Medical Truck
Combat Half-tracks
Fire Support Elements
Flakvierling Half-track
Veteran Squad Leaders
Selects Armored Support Battlegroup
Selects Veteran Gunners
Construct Panzerarmee Kommand
Selects Flammpanzer III Medium Tank
Pak 38 Mechanized Group
Panzer III L Medium Tank
Selects Command Panzer IV F Medium Tank
Selects Vehicle Awareness
Walking Stuka Rocket Launcher
le.IG 18 Mechanized Group
2.5-tonne Medical Truck
Armored Reserves
Emergency Repair Kits
Construct Mechanized Kompanie
18-tonne Recovery Half-track
Selects Panzer Storm
Selects Stuka Dive Bomb
Stuka Dive Bomb
Vehicle Survival Package
Panzerpioneer Squad
Advanced Optics
2.5-tonne Medical Truck
ohuyaa
Honey
dkdkabc
Zebra
Haritm_船长
这里也 没有
法拉利 戰術大師
懒白糖酱Qwq
0
0
Comments
sign in to comment!
No comments posted yet!